 Dungeon Crawl Stone Soup version 0.23-a0-299-g9a66eeb (webtiles) character file.

9 mhoghedin the Ducker (level 2, 0/14 HPs)
             Began as a Felid Monk on Oct 6, 2018.
             Slain by a kobold
             ... wielding a +0 whip
              (5 damage)
             ... on level 1 of the Dungeon.
             The game lasted 00:00:21 (126 turns).

mhoghedin the Ducker (Felid Monk)                    Turns: 126, Time: 00:00:22

Health: 0/14       AC:  1    Str:  7    XL:     2   Next: 6%
Magic:  3/3        EV: 20    Int: 11    God:
Gold:   0          SH:  0    Dex: 18    Spells: 1/1 levels left
                                        Lives:  0   Deaths: 0

rFire    . . .     SeeInvis +     - Unarmed
rCold    . . .     Gourm    .   (shield unavailable)
rNeg     . . .     Faith    .   (armour unavailable)
rPois    .         Spirit   .   (helmet unavailable)
rElec    .         Reflect  .   (cloak unavailable)
rCorr    .         Harm     .   (gloves unavailable)
MR       .....                  (boots unavailable)
Stlth    +++.......             (no amulet)
HPRegen  0.04/turn              (no ring)
MPRegen  0.08/turn              (no ring)

@: quick
A: very small, no armour, no weapons or thrown items, stealth, claws 1, fangs 3,
see invisible, carnivore, speed 1, shaggy fur 1, slow metabolism 1, sharp paws
a: no special abilities


You were on level 1 of the Dungeon.
You were not hungry.

You visited 1 branch of the dungeon, and saw 1 of its levels.

Inventory:

Comestibles
 a - a ration


   Skills:
 + Level 3.1 Fighting
 + Level 4.2 Dodging
 + Level 3.1 Stealth
 + Level 3.1 Unarmed Combat


You had one spell level left.
You didn't know any spells.
Your spell library was empty.

Dungeon Overview and Level Annotations

Branches:
Dungeon (1/15)

Altars:


Innate Abilities, Weirdness & Mutations

You cannot wear armour.
You are incapable of wielding weapons or throwing items.
Your paws allow you to move quietly. (Stealth)
You have sharp claws.
You have razor-sharp teeth.
You have supernaturally acute eyesight. (SInv)
You are carnivorous and can eat meat at any time.
You cover ground quickly.
You are covered in fur. (AC +1)
You have a slow metabolism.
Your sharp claws are effective at attacking unaware monsters.


Message History

Welcome, mhoghedin the Felid Monk.
Will you prevail where others failed? Will you find the Orb of Zot?
Found a staircase leading out of the dungeon.
Unknown command.
Unknown command.
You open the door.
There is an open door here.
A kobold comes into view.
The kobold shouts!
The kobold closely misses you.
You closely miss the kobold. The kobold completely misses you.
You scratch the kobold.
You kill the kobold!
No target in view!
A hobgoblin comes into view. It is wielding a club.
The helpless hobgoblin fails to defend itself.
You claw the hobgoblin!
You kill the hobgoblin!
No target in view!
No target in view!
No target in view!
No target in view!
No target in view!
No target in view!
Things that are here:
a club; a hobgoblin corpse A hobgoblin comes into view.
It is wielding a club.
You pounce on the unaware helpless hobgoblin!
You mangle the hobgoblin!!
You kill the hobgoblin!
No target in view!
No target in view!
A rat comes into view.
A rat is nearby!
The helpless rat fails to defend itself.
You claw the rat!
You kill the rat!
No target in view!
No target in view!
As you open the door, it creaks loudly!
There is an open door here.
You open the door.
There is an open door here.
A hobgoblin comes into view. It is wielding a club.
You see here a ration.
A hobgoblin is nearby!
The hobgoblin shouts!
You hear an angry hiss. 2 goblins come into view.
A kobold comes into view. It is wielding a whip.
The hobgoblin misses you.
The goblin shouts! x2
You scratch the hobgoblin.
You hear a shout!
The hobgoblin closely misses you.
You scratch the hobgoblin.
You kill the hobgoblin!
A goblin comes into view. It is wielding a club.
The goblin shouts!
You see here a club.
You scratch the kobold but do no damage.
The kobold hits you with a whip!
Ouch! That really hurt!
* * * LOW HITPOINT WARNING * * *
A frilled lizard comes into view.
You take 7 damage, and have 3/10 hp.
MASSIVE DAMAGE!!
The kobold hits you but does no damage. The kobold closely misses you.
The kobold throws a stone.
The stone misses you.
You see here a stone.
You scratch the goblin. The goblin hits you but does no damage.
You barely miss the goblin. You bite the goblin.
You kill the goblin!
Your Stealth skill increases to level 3!
You scratch the goblin. The goblin misses you.
You scratch the goblin.
You kill the goblin!
You have reached level 2!
You regained 2 hp, and now have 5/14 hp.
MP restored: 3 You closely miss the goblin.
You bite the goblin. The goblin completely misses you.
You closely miss the goblin. The goblin completely misses you.
You claw the goblin!
You kill the goblin!
The kobold throws a stone.
The stone barely misses you.
You scratch the frilled lizard.
You kill the frilled lizard!
The kobold throws a stone.
The stone hits you but does no damage.
Things that are here:
a club; a dagger You closely miss the kobold.
The kobold hits you but does no damage.
You scratch the kobold but do no damage.
The kobold closely misses you.
You closely miss the kobold. The kobold hits you with a whip.
You die...

#... ##..##'##.#####
#... #..%#...#.#...#
###...####...#...#.'...#
.............#...#.#...#
.............#####.#####
........................
#.#...#)##.#.#...†#.##..
#......K##......#.#.....
#.....#@####......#.####
#.....#(# ###..###...##
#.... #.# #...)...#.#
#.... ..# ####.##.##.
##.. ...# #.##....
#.###### #.#####.
.......#.###.#
.#####.##...## #. #####


You could see a kobold.

Vanquished Creatures
  3 goblins (D:1)
  3 hobgoblins (D:1)
  A frilled lizard (D:1)
  A kobold (D:1)
  A rat (D:1)
9 creatures vanquished.

Notes
Turn   | Place    | Note
-------+----------+-------------------------------------------
     0 | D:1      | mhoghedin the Felid Monk began the quest for the Orb.
     0 | D:1      | Reached XP level 1. HP: 10/10 MP: 2/2
   116 | D:1      | Reached skill level 3 in Stealth
   118 | D:1      | Reached XP level 2. HP: 5/14 MP: 3/3
   126 | D:1      | Slain by a kobold

Vault maps used:
D:1:      minmay_arrival_four_houses, minmay_door_square

Skill      XL: |  1 |
---------------+----+-----
Stealth        | 3 |  3.1
Fighting       | |  3.1
Dodging        | |  4.2
Unarmed Combat | |  3.1

Action                   || total
-------------------------++-------
Melee: Unarmed           ||    19
       Bite              ||     2
 Stab: Sleeping          ||     3
Armor: Skin              ||     1
Dodge: Dodged            ||    11

Table legend:
 A = Non-vault XP
 B = Vault XP
 C = Vault XP percentage of total XP
 D = Non-vault monster count
 E = Vault monster count
 F = Vault count percentage of total count
                 A         B        C        D         E       F
            +---------+---------+-------+---------+---------+-------
      Total |      14 |       0 |   0.0 |       9 |       0 |   0.0
            +---------+---------+-------+---------+---------+-------
        D:1 |      14 |       0 |   0.0 |       9 |       0 |   0.0
            +---------+---------+-------+---------+---------+-------

Vault maps used:
D:1:      minmay_arrival_four_houses, minmay_door_square

Table legend:
 A = Turns spent in this place as a percentage of turns spent in the entire game.
 B = Non-inter-level travel turns spent in this place as a percentage of non-inter-level travel turns spent in the entire game.
 C = Inter-level travel turns spent in this place as a percentage of turns spent in this place.
 D = Turns resting spent in this place as a percentage of non-inter-level travel turns spent in this place.
 E = Turns spent auto-exploring this place as a percentage of non-inter-level travel turns spent in this place.
 F = Non-inter-level travel turns spent in this place divided by the number of levels of this place that you've seen.
                   A       B       C       D       E      F
               +-------+-------+-------+-------+-------+----------------------
         Total | 100.0 | 100.0 |   0.0 |   0.0 |  60.3 | 126.0
       Dungeon | 100.0 | 100.0 |   0.0 |   0.0 |  60.3 | 126.0
               +-------+-------+-------+-------+-------+----------------------

Table legend:
 A = Kills in this place as a percentage of kills in entire the game.
 B = Kills by you in this place as a percentage of kills by you in the entire game.
 C = Kills by friends in this place as a percentage of kills by friends in the entire game.
 D = Other kills in this place as a percentage of other kills in the entire game.
 E = Experience gained in this place as a percentage of experience gained in the entire game.
 F = Experience gained in this place divided by the number of levels of this place that you have seen.
                   A       B       C       D       E      F
               +-------+-------+-------+-------+-------+----------------------
         Total | 100.0 | 100.0 |   N/A |   N/A | 100.0 |  14.0
       Dungeon | 100.0 | 100.0 |   N/A |   N/A | 100.0 |  14.0
               +-------+-------+-------+-------+-------+----------------------
